 Dungeon Crawl Stone Soup version 0.23.2-33-g5129a83184 (webtiles) character file.

Game seed: 16414046713299881120

195 ANON1729 the Skirmisher (level 5, -8/42 HPs)
             Began as a Demonspawn Monk on Aug 11, 2019.
             Mangled by Grinder (9 damage)
             ... while paralysed by Grinder
             ... on level 3 of the Dungeon.
             The game lasted 00:05:43 (3304 turns).

ANON1729 the Skirmisher (Demonspawn Monk)           Turns: 3304, Time: 00:05:44

Health: -8/42      AC:  4    Str: 16    XL:     5   Next: 45%
Magic:  5/5        EV:  2    Int: 12    God:
Gold:   132        SH:  0    Dex: 16    Spells: 4/4 levels left

rFire    . . .     SeeInvis .   a - +0 spear
rCold    . . .     Gourm    .   (no shield)
rNeg     . . .     Faith    .   b - +0 robe
rPois    .         Spirit   .   (no helmet)
rElec    .         Reflect  .   (no cloak)
rCorr    .         Harm     .   (no gloves)
MR       .....                  (no boots)
Stlth    ++........             (no amulet)
HPRegen  0.14/turn              (no ring)
MPRegen  0.09/turn              (no ring)

@: paralysed, mighty
A: thin metallic scales 1, powered by pain 2
a: no special abilities


You were on level 3 of the Dungeon.
You were not hungry.

You visited 1 branch of the dungeon, and saw 3 of its levels.

You collected 132 gold pieces.

Inventory:

Hand Weapons
 a - a +0 spear (weapon)
 d - a +4 dagger
Armour
 b - a +0 robe (worn)
 n - a +0 pair of gloves
Jewellery
 v - an uncursed amulet of faith {unknown}
Wands
 t - a wand of iceblast (8)
Scrolls
 h - 6 scrolls of remove curse {unknown}
 i - a scroll of magic mapping {unknown}
 j - 5 scrolls of identify {unknown}
 l - a scroll of teleportation {unknown}
 o - a scroll of noise {unknown}
 p - a scroll of amnesia {unknown}
 q - a scroll of enchant armour {unknown}
 s - a scroll of immolation {unknown}
 u - a scroll of fear {unknown}
Potions
 e - a potion of lignification {unknown}
 f - a potion of heal wounds {unknown}
 g - a potion of mutation {unknown}
 k - a potion of cancellation {unknown}
 m - a potion of brilliance {unknown}
 r - a potion of degeneration {unknown}
Comestibles
 c - 5 rations


   Skills:
 + Level 4.0 Fighting
 + Level 3.6 Polearms
 + Level 3.6 Dodging
 + Level 3.1 Stealth


You had 4 spell levels left.
You didn't know any spells.
Your spell library was empty.

Dungeon Overview and Level Annotations

Branches:
Dungeon (3/15)

Altars:

Annotations:
D:3 Grinder


Innate Abilities, Weirdness & Mutations

You are partially covered in thin metallic scales. (AC +2)
You sometimes gain power by taking damage.


Message History

Grinder is heavily wounded.
Grinder hits you.
You puncture Grinder!
Grinder is severely wounded.
Grinder hits you.
You puncture Grinder!
Grinder is almost dead.
Grinder hits you!
* * * LOW HITPOINT WARNING * * *
You writhe in agony.
* * * LOW HITPOINT WARNING * * *
Unknown command.
Evoke which item? (* to show all) (? for menu, Esc to quit)
Okay, then.
You closely miss Grinder.
Grinder is almost dead.
Grinder gestures at you.
You suddenly lose the ability to move!
Grinder hits you!
You die...

########### #
#.......... ###.
#(#########
?....####### #.#
#.......@5.# #.#
....##.##.#
#.####### . #.# #
#.......###
#.##.####(#####....
#.##.....†)........
#.#######..........
#.# #.#####.###
#.#######.#
#.#.......#


You could see Grinder.

Vanquished Creatures
  Ijyb (D:3)
  7 adders
  An ooze (D:1)
  3 worms
  4 dart slugs
  3 leopard geckos
  4 orcs (D:3)
  8 bats
  7 goblins
  11 hobgoblins
  7 jackals
  2 quokkas
  2 ball pythons
  5 frilled lizards
  12 kobolds
  3 rats (D:1)
80 creatures vanquished.

Notes
Turn   | Place    | Note
-------+----------+-------------------------------------------
     0 | D:1      | ANON1729 the Demonspawn Monk began the quest for the Orb.
     0 | D:1      | Reached XP level 1. HP: 18/18 MP: 1/1
    69 | D:1      | Gained mutation: You sometimes gain a little power by
                  | taking damage. [demonic ancestry]
    69 | D:1      | Reached XP level 2. HP: 22/24 MP: 2/2
   519 | D:1      | Gained mutation: You are partially covered in thin metallic
                  | scales. (AC +2) [demonic ancestry]
   519 | D:1      | Reached XP level 3. HP: 19/29 MP: 3/3
  1481 | D:2      | Gained mutation: You sometimes gain power by taking damage.
                  | [demonic ancestry]
  1481 | D:2      | Reached XP level 4. HP: 24/35 MP: 4/4
  2179 | D:3      | Noticed Ijyb
  2206 | D:3      | Killed Ijyb
  2206 | D:3      | Reached XP level 5. HP: 28/42 MP: 5/5
  2582 | D:3      | Found a faded altar of an unknown god.
  2704 | D:3      | Reached skill level 4 in Fighting
  3290 | D:3      | Noticed Grinder
  3292 | D:3      | Paralysed by Grinder for 3 turns
  3302 | D:3      | HP: 1/42 [Grinder (6)]
  3303 | D:3      | Paralysed by Grinder for 3 turns
  3304 | D:3      | Mangled by Grinder

Skill      XL: |  1  2  3  4  5 |
---------------+----------------+-----
Stealth        | 2 3 |  3.1
Dodging        | 3 |  3.6
Polearms       | 3 |  3.6
Fighting       | 4 |  4.0

Action                   |  1- 3 |  4- 6 || total
-------------------------+-------+-------++-------
Melee: Spear             |   201 |   281 ||   482
 Stab: Sleeping          |     8 |     7 ||    15
       Distracted        |       |     1 ||     1
  Eat: Chunk             |     2 |     4 ||     6
       Ration            |       |     1 ||     1
Armor: Robe              |    21 |    42 ||    63
Dodge: Dodged            |    97 |   149 ||   246
